 Dungeon Crawl Stone Soup version 0.30-a0-772-g5528072125 (webtiles) character file.

Game seed: 9792947715497150279

28 Leeroy the Grasshopper (level 3, -2/18 HPs)
             Began as a Vine Stalker Warper on Feb 12, 2023.
             Slain by Sigmund
             ... wielding a +0 scythe of protection
              (9 damage)
             ... on level 2 of the Dungeon.
             The game lasted 00:00:57 (608 turns).

Leeroy the Grasshopper (Vine Stalker Warper)         Turns: 608, Time: 00:00:57

Health: -2/18      AC:  3    Str: 13    XL:     3   Next: 12%
Magic:  0/7        EV: 11    Int: 13    God:
Gold:   116        SH:  0    Dex: 15    Spells: 4/6 levels left

rFire   . . .      SeeInvis .    a - +0 falchion
rCold   . . .      Faith    .    (no shield)
rNeg    . . .      Spirit   +    b - +0 leather armour
rPois   .          Reflect  .    (no helmet)
rElec   .          Harm     .    (no cloak)
rCorr   .          Rampage  .    (no gloves)
Will    .....                    (no boots)
Stlth   +                        (no amulet)
HPRegen 0.23/turn                (no ring)
MPRegen 0.10/turn                (no ring)

@: no status effects
A: fangs 2, magic shield, antimagic bite, no potion heal 2
a: no special abilities


You were on level 2 of the Dungeon.
You visited 1 branch of the dungeon, and saw 2 of its levels.

You collected 116 gold pieces.

Inventory:

Hand Weapons
 a - a +0 falchion (weapon)
Missiles
 d - 7 boomerangs of dispersal (quivered)
Armour
 b - a +0 leather armour (worn)
Jewellery
 n - a ring of fire
Scrolls
 c - a scroll of blinking
 e - 2 scrolls of amnesia {unknown}
 f - 2 scrolls of identify {unknown}
 g - a scroll of magic mapping {unknown}
 i - a scroll of torment {unknown}
 k - a scroll of poison {unknown}
 o - a scroll of fog {unknown}
Potions
 h - 3 potions of invisibility {unknown}
 j - a potion of berserk rage {unknown}
 l - a potion of degeneration {unknown}
 m - a potion of brilliance {unknown}


   Skills:
 - Level 1.7 Fighting
 + Level 3.0 Long Blades
 - Level 0.8 Throwing
 - Level 0.7 Armour
 - Level 1.5 Dodging
 + Level 0.9 Stealth
 - Level 2.1 Spellcasting
 - Level 3.0 Translocations


You had 4 spell levels left.
You knew the following spells:

 Your Spells              Type           Power      Damage    Failure   Level
a - Blink                 Tloc           18%        N/A       14%         2

Your spell library contained the following spells:

 Spells                   Type           Power      Damage    Failure   Level
 Lesser Beckoning         Tloc           18%        N/A       14%         2
 Teleport Other           Tloc           9%         N/A       28%         3
 Ensorcelled Hibernation  Hex/Ice        2%         N/A       43%         2
 Passwall                 Tmut/Erth      0%         N/A       43%         2
 Vhi's Electric Charge    Tloc/Air       10%        N/A       45%         3
 Swiftness                Air            1%         N/A       67%         3
 Manifold Assault         Tloc           9%         N/A       67%         4


Dungeon Overview and Level Annotations

Branches:
Dungeon (2/15)

Altars:

Annotations:
D:2 Sigmund


Innate Abilities, Weirdness & Mutations

You have extremely sharp teeth.
When hurt, damage is shared between your health and your magic reserves.
Your bite disrupts and absorbs the magic of your enemies.
Potions cannot restore your health.


Message History

You hit the kobold.
You kill the kobold!
Sigmund closely misses you. Sigmund closely misses you.
An adder comes into view.
Things that are here:
a +0 whip; a kobold corpse You hit Sigmund but do no damage.
Your bite misses Sigmund.
Sigmund hits you with a +0 scythe of protection.
You hit Sigmund but do no damage. You hit Sigmund.
Sigmund is lightly wounded.
Sigmund hits you but does no damage.
You closely miss Sigmund.
Sigmund is lightly wounded.
Sigmund closely misses you.
You hit Sigmund but do no damage. Your bite misses Sigmund.
Sigmund is lightly wounded.
The adder closely misses you. Sigmund gestures at you while chanting.
The puff of flame hits you!
You barely miss Sigmund. Your bite misses Sigmund.
Sigmund is lightly wounded.
The adder bites you but does no damage. Sigmund barely misses you.
The adder bites you.
You closely miss Sigmund.
Sigmund is lightly wounded.
The adder bites you but does no damage.
Sigmund zaps a wand.
You resist with some effort.
You hit Sigmund but do no damage.
Sigmund is lightly wounded.
The adder barely misses you. Sigmund hits you but does no damage.
You hit Sigmund. You bite Sigmund, but do no damage.
Sigmund is lightly wounded.
The adder barely misses you. x2
You hit Sigmund. You bite Sigmund, but do no damage.
Sigmund is moderately wounded.
Sigmund hits you with a +0 scythe of protection!
Ouch! That really hurt!
You die...

#..................< .
#...................
#.#####...................
#...................).....
#.........###############
#....)....# #####....#
#####....# #.......@.#
#......S@.# #...........
#.............
#..............♣
...............♣
...............♣
..............♣


You could see Sigmund and an adder.

Vanquished Creatures
  2 dart slugs
  An endoplasm (D:2)
  A goblin (D:1)
  3 hobgoblins
  2 kobolds (D:2)
  A quokka (D:1)
  5 ball pythons
  6 bats (D:1)
  2 rats (D:1)
23 creatures vanquished.

Notes
Turn   | Place    | Note
-------+----------+-------------------------------------------
     0 | D:1      | Leeroy the Vine Stalker Warper began the quest for the Orb.
     0 | D:1      | Reached XP level 1. HP: 11/11 MP: 4/4
    93 | D:1      | Reached XP level 2. HP: 12/15 MP: 3/6
   346 | D:1      | Learned a level 2 spell: Blink
   530 | D:2      | Reached XP level 3. HP: 11/18 MP: 5/7
   590 | D:2      | Noticed Sigmund
   608 | D:2      | Slain by Sigmund

Illustrated notes

Levels and vault maps discovered:
D:1:      dpeg_arrival_shelter, layout_basic, dreamdust_wishing_well,
          hangedman_decor_points
D:2:      kennysheep_six_static_rooms, layout_basic, serial_forest,
          infiniplex_forest_side_room, infiniplex_forest_end_1,
          infiniplex_forest_zigzag_1, infiniplex_forest_lined_room_,
          uniq_sigmund, uniq_terence

Skill      XL: |  1  2 |
---------------+-------+-----
Long Blades    | 2 3 |  3.0
Fighting       | |  1.7
Throwing       | |  0.8
Armour         | |  0.7
Dodging        | |  1.5
Stealth        | |  0.9
Spellcasting   | |  2.1
Translocations | |  3.0

Action                     || total
---------------------------++-------
  Melee: Falchion          ||    60
         Bite              ||    12
         Punch             ||     1
   Stab: Sleeping          ||     1
 Armour: Leather armour    ||    15
  Dodge: Dodged            ||    39

Table legend: (Time is in decaauts)
 A = Elapsed time spent in this place.
 B = Non-inter-level travel time spent in this place.
 C = Inter-level travel time spent in this place.
 D = Time resting spent in this place.
 E = Time spent auto-exploring this place.
 F = Levels seen in this place.
 G = Mean time per level.
                   A        B        C        D        E       F      G
               +--------+--------+--------+--------+--------+-----+--------+
         Total |    617 |    600 |     17 |      0 |    448 |   2 |  308.5 |
       Dungeon |    617 |    600 |     17 |      0 |    448 |   2 |  308.5 |
               +--------+--------+--------+--------+--------+-----+--------+

Top non-repeatable levels by time:
     D:1: 518 daAuts
     D:2: 99 daAuts
